 Dungeon Crawl Stone Soup version 0.19-a0-1498-g0b85ae9 (webtiles) character file.

41442 roguesci the Fighter (level 13, -8/114 HPs)
             Began as a Demonspawn Warper on Sept 9, 2016.
             Was the Champion of Cheibriados.
             Killed from afar by a smoke demon (11 damage)
             ... with a ball of steam
             ... on level 1 of the Abyss on Sept 10, 2016.
             The game lasted 01:23:21 (26968 turns).

roguesci the Fighter (Demonspawn Warper)           Turns: 26968, Time: 01:23:27

Health: -8/114     AC: 16    Str: 27    XL:     13   Next: 80%
Magic:  21/24      EV: 23    Int: 30    God:    Cheibriados [******]
Gold:   805        SH:  0    Dex: 32    Spells: 6 memorised, 9 levels left

rFire  . . .     SeeInvis .     V - +4 great sword (vamp)
rCold  + . .     Gourm    .     Y - +1 mottled dragon armour
rNeg   . . .     Faith    .     (shield currently unavailable)
rPois  +         Spirit   .     (no helmet)
rElec  .         Dismiss  .     h - +2 cloak {rPois}
rCorr  +         Reflect  .     m - +2 pair of gloves
MR     .....     Harm     .     N - +0 pair of boots
Stlth  ++........               l - amulet of rage
                                (no ring)
                                g - ring of resist corrosion

@: exhausted, slowed, drained, very slow
A: talons 2, cold resistance 1, demonic guardian 1, robust 1, wild magic 1,
freezing cloud immunity, sturdy frame 1
a: Bend Time, Temporal Distortion, Slouch, Step From Time, Renounce Religion,
Evoke Berserk Rage


You were on level 1 of the Abyss.
You worshipped Cheibriados.
Cheibriados was exalted by your worship.
You were very hungry.

You visited 3 branches of the dungeon, and saw 18 of its levels.
You visited the Abyss 1 time.
You also visited: Ice Cave.

You collected 980 gold pieces.
You spent 175 gold pieces at shops.

Inventory:

Hand Weapons
 x - a +5 shortbow
 A - a +1 scimitar of flaming
 V - a +4 vampiric great sword (weapon)
Missiles
 e - 4 tomahawks of dispersal (quivered)
 O - 414 arrows
 R - 5 tomahawks of returning
Armour
 h - a +2 cloak of poison resistance (worn)
 m - a +2 pair of gloves (worn)
 G - the +1 robe of True Grit {rN+ Str+4}
   (You took it off an orc on level 12 of the Dungeon)

   It affects your strength (+4).
   It protects you from negative energy.
 N - a +0 pair of boots (worn)
 P - a +1 leather armour of cold resistance
 T - a +0 troll leather armour
 X - the +8 fire dragon armour "Curasmoe" {rF++ rC- Int+7, unknown}
   (You found it in an ice cave)

   It affects your intelligence (+7).
   It greatly protects you from fire.
   It makes you vulnerable to cold.
 Y - a +1 mottled dragon armour (worn)
Jewellery
 g - a ring of resist corrosion (left hand)
 l - an amulet of rage (around neck)
 n - an uncursed ring of fire
Wands
 a - a wand of confusion (17/48)
 b - a wand of lightning (8/15)
 I - a wand of iceblast (5/15)
Scrolls
 j - 2 scrolls of silence
 k - 12 scrolls of remove curse
 o - 9 scrolls of identify
 s - a scroll of noise {unknown}
 w - 7 scrolls of teleportation
 y - a scroll of magic mapping
 J - 5 scrolls of fear
 L - 2 scrolls of immolation {unknown}
 S - a scroll of amnesia {unknown}
 U - a scroll of torment {unknown}
Potions
 i - 2 potions of cure mutation
 p - a potion of invisibility
 z - a potion of magic
 B - 2 potions of mutation
 C - 2 potions of resistance
 D - 3 potions of brilliance
 E - 3 potions of haste
 K - a potion of degeneration
Books
 c - a book of Spatial Translocations

   Spells                             Type                      Level
   a - Apportation                    Translocation                1
   b - Blink                          Translocation                2
   c - Shroud of Golubria             Charms/Translocation         2
   d - Portal Projectile              Translocation                3
   e - Teleport Other                 Translocation                3
   f - Passage of Golubria            Translocation                4
 u - a book of the Earth

   Spells                             Type                      Level
   a - Leda's Liquefaction            Hexes/Earth                  4
   b - Bolt of Magma                  Conjuration/Fire/Earth       5
   c - Statue Form                    Transmutation/Earth          6
   d - Iron Shot                      Conjuration/Earth            6
   e - Shatter                        Earth                        9
 H - a book of Air

   Spells                             Type                      Level
   a - Shock                          Conjuration/Air              1
   b - Swiftness                      Charms/Air                   2
   c - Repel Missiles                 Charms/Air                   2
   d - Static Discharge               Conjuration/Air              3
   e - Lightning Bolt                 Conjuration/Air              5
Comestibles
 d - 3 fruits
 f - 3 bread rations
 q - 4 meat rations
 M - 3 royal jellies


   Skills:
 + Level 10.7(10.5) Fighting
 * Level 10.1(9.9) Long Blades
 - Level 0.8(0.7) Throwing
 - Level 6.8(6.6) Armour
 + Level 10.0(9.8) Dodging
 * Level 7.8(7.7) Spellcasting
 + Level 10.2(10.0) Translocations
 * Level 3.4(3.2) Transmutations
 + Level 2.5(2.3) Earth Magic


You had 9 spell levels left.
You knew the following spells:

 Your Spells              Type           Power        Failure   Level  Hunger
a - Apportation           Tloc           #######...   1%          1    None
b - Shroud of Golubria    Chrm/Tloc      ######....   1%          2    None
c - Blink                 Tloc           N/A          1%          2    None
d - Teleport Other        Tloc           #######.     1%          3    None
e - Statue Form           Tmut/Erth      #####....    100%        6    ######.
f - Passage of Golubria   Tloc           N/A          1%          4    #......


Dungeon Overview and Level Annotations

Branches:
Dungeon (14/15)            Temple (1/1) D:7            Lair (3/6) D:11
  Snake (0/4) Lair:2          Orc (0/2) D:12
  Swamp: Lair:2-4    Shoals: Lair:2-4    Vaults: D:13-14

Altars:
Ashenzari
Cheibriados
Dithmenos
Elyvilon
Fedhas
Gozag
Hepliaklqana
Kikubaaqudgha
Makhleb
Nemelex Xobeh
Okawaru
Qazlal
Ru
Sif Muna
Trog
Uskayaw
Vehumet
Xom
Yredelemnul
Zin
The Shining One

Shops:
D:9 [   D:10 :   D:12 :

Annotations:
Lair:3 Sonja


Innate Abilities, Weirdness & Mutations

You have razor-sharp toenails.
Your flesh is cold resistant. (rC+)
A weak demonic guardian rushes to your aid.
You are immune to freezing clouds.
Your movements are slightly less encumbered by armour. (ER -2)
You are robust. (+10% HP)
Your spells are a little harder to cast, but a little more powerful.


Message History

The tentacled monstrosity tentacle-slaps you.
* * * LOW HITPOINT WARNING * * *
The tentacled monstrosity tentacle-slaps you.
* * * LOW HITPOINT WARNING * * *
x2 The tentacled monstrosity constricts you.
Your iron imp hits the tentacled monstrosity!
You escape the tentacled monstrosity's grasp.
You feel a strong urge to attack something.
You are no longer berserk.
You are exhausted.
You feel yourself slow down.
You are feeling very hungry.
Your iron imp hits the tentacled monstrosity but does no damage.
The tentacled monstrosity completely misses your iron imp.
The tentacled monstrosity tentacle-slaps your iron imp!
The tentacled monstrosity closely misses your iron imp.
The tentacled monstrosity barely misses your iron imp.
The smoke demon gestures at you. The ball of steam hits you!
You die...

. # #.# . §##
##.# . . #.# ...
... #..#####.## .
...#.#..#.##
##.## ##.@.5#..##
#......#§#X#.....
.##....3..5.# #
#...#.#..÷.#....
#
######..#.#..##.
#. ....2##.###..
..####.. .#.. ..#
..#. .# # ...
..#......... #


You could see a tentacled monstrosity, a smoke demon, a friendly iron imp and a
friendly shadow imp.

Vanquished Creatures
  2 liches (Abyss:1)
  A tentacled starspawn (Abyss:1)
  A hydra (D:12)
  3 vault guards
  Erica (D:9)
  2 centaur warriors (D:13)
  A wretched star (Abyss:1)
  3 hill giants
  A deep elf mage (D:12)
  A necromancer (IceCv)
  A worldbinder (Abyss:1)
  An ugly thing (D:13)
  A cyclops (D:11)
  3 elephants (Lair:2)
  2 manticores
  A black mamba (Lair:2)
  2 ice statues (IceCv)
  A gargoyle (D:12)
  4 spiny frogs
  3 komodo dragons
  9 ice devils (IceCv)
  6 trolls
  A slime creature (D:9)
  2 two-headed ogres
  Prince Ribbit (D:7)
  A raiju (shapeshifter) (D:13)
  3 raiju (Abyss:1)
  2 wyverns
  19 yaks
  A shadow (D:13)
  2 basilisks
  5 hippogriffs
  A steam dragon (D:7)
  3 hungry ghosts (D:11)
  3 vampire mosquitoes (D:12)
  5 wargs
  A small abomination (Abyss:1)
  2 soldier ants
  4 nagas (Lair:2)
  4 water moccasins
  4 porcupines
  Duvessa (D:6)
  3 orc warriors
  5 ice beasts
  A phantom (D:9)
  2 wasps
  A black bear (D:7)
  10 wolves
  The ghost of roguesci the Grasshopper, an amateur DsWr of Okawaru (D:4)
  A centaur (shapeshifter) (Abyss:1)
  15 centaurs
  5 ogres
  3 crocodiles
  3 big kobolds
  8 giant frogs
  Dowan (D:6)
  A water moccasin zombie (D:7)
  3 scorpions
  4 wights (D:9)
  12 killer bees
  3 howler monkeys
  7 crimson imps
  4 electric eels (D:10)
  2 quasits
  3 centaur zombies
  A draconian simulacrum (IceCv)
  6 hounds
  9 orc priests
  4 centaur skeletons
  A giant frog skeleton (D:4)
  A gnoll shaman (D:9)
  4 jellies
  13 iguanas
  19 orc wizards
  3 troll simulacra (IceCv)
  13 worker ants
  A killer bee zombie (D:7)
  2 centaur simulacra (IceCv)
  A hound zombie (D:6)
  2 howler monkey skeletons (D:4)
  5 gnolls (D:9)
  9 adders
  2 naga simulacra (IceCv)
  2 ogre simulacra (IceCv)
  14 river rats
  An adder skeleton (D:9)
  2 adder zombies
  3 worms (D:3)
  5 giant geckos
  57 orcs
  A ball python (D:2)
  2 giant cockroaches (D:7)
  11 goblins
  4 hobgoblins
  29 jackals
  5 quokkas
  8 bats
  A giant gecko skeleton (D:7)
  3 giant newts
  15 kobolds
  A quokka zombie (D:9)
  12 rats
  A fungus (Lair:1)
  A plant (Lair:1)
  A starspawn tentacle (Abyss:1)
488 creatures vanquished.

Vanquished Creatures (collateral kills)
  Harold (D:11)
  A hill giant (D:12)
  An ice devil (IceCv)
  A troll (D:9)
  4 yaks (Lair:1)
  A hungry ghost (D:7)
  A sky beast (D:7)
  An ogre (D:5)
  2 centaurs
  A wolf (Lair:1)
  A big kobold (D:7)
  A scorpion (D:9)
  2 killer bees (D:7)
  A howler monkey (D:12)
  2 crimson imps
  2 hounds
  2 orc priests
  An orc wizard (D:11)
  An iguana (D:8)
  A worker ant (D:7)
  A howler monkey skeleton (D:8)
  3 orcs
  A ball python (D:4)
  A jackal (D:7)
  2 quokkas
36 creatures vanquished.

Vanquished Creatures (others)
  A sky beast (D:7)
  An orc (D:7)
  A quokka (D:10)
  3 fungi (Lair:1)
  A plant (D:11)
  4 starspawn tentacles (Abyss:1)
11 creatures vanquished.

Grand Total: 535 creatures vanquished

Notes
Turn   | Place    | Note
-------+----------+-------------------------------------------
     0 | D:1      | roguesci the Demonspawn Warper began the quest for the Orb.
     0 | D:1      | Reached XP level 1. HP: 16/16 MP: 3/3
   335 | D:1      | Reached skill level 1 in Armour
   470 | D:1      | Gained mutation: Your flesh is cold resistant. (rC+) [demonic ancestry]
   470 | D:1      | Reached XP level 2. HP: 17/22 MP: 5/5
   920 | D:2      | Learned a level 2 spell: Shroud of Golubria
   923 | D:2      | Learned a level 2 spell: Blink
   997 | D:2      | Gained mutation: A weak demonic guardian rushes to your aid. [demonic ancestry]
   997 | D:2      | Reached XP level 3. HP: 27/27 MP: 1/6
  1695 | D:3      | Gained mutation: You have sharp toenails. [demonic ancestry]
  1695 | D:3      | Reached XP level 4. HP: 8/34 MP: 7/7
  2547 | D:3      | Gained mutation: Your movements are slightly less encumbered by armour. (ER -2) [demonic ancestry]
  2547 | D:3      | Reached XP level 5. HP: 35/40 MP: 8/8
  3515 | D:4      | Learned a level 3 spell: Teleport Other
  3597 | D:4      | Reached XP level 6. HP: 47/47 MP: 9/9
  3831 | D:4      | Noticed roguesci's ghost (amateur DsWr)
  4010 | D:4      | Killed roguesci's ghost
  4251 | D:5      | Entered Level 5 of the Dungeon
  4500 | D:5      | Noticed an ice beast
  4535 | D:5      | Killed an ice beast
  4535 | D:5      | Reached XP level 7. HP: 12/53 MP: 8/11
  4978 | D:5      | Found a blossoming altar of Fedhas.
  5779 | D:6      | Noticed a hippogriff
  5792 | D:6      | Killed a hippogriff
  6313 | D:6      | Gained mutation: You are immune to freezing clouds. [demonic ancestry]
  6313 | D:6      | Reached XP level 8. HP: 48/61 MP: 12/12
  7217 | D:7      | Reached skill level 5 in Translocations
  7491 | D:7      | Noticed Dowan
  7497 | D:7      | Reached skill level 5 in Fighting
  7498 | D:7      | Noticed Duvessa
  7552 | D:6      | Killed Duvessa
  7558 | D:6      | Killed Dowan
  7894 | D:7      | HP: 2/62 [centaur (5)]
  8225 | D:7      | Noticed a two-headed ogre
  8239 | D:7      | Killed a two-headed ogre
  9017 | D:7      | Reached skill level 5 in Dodging
  9017 | D:7      | Reached XP level 9. HP: 59/69 MP: 14/14
  9146 | D:7      | Noticed Prince Ribbit
  9665 | D:7      | Gained mutation: Your spells are a little harder to cast, but a little more powerful. [potion of mutation]
  9665 | D:7      | Gained mutation: You are robust. (+10% HP) [potion of mutation]
  9667 | D:7      | Killed Prince Ribbit
  9667 | D:7      | Reached skill level 5 in Long Blades
 11099 | D:7      | Found a staircase to the Ecumenical Temple.
 11212 | Temple   | Entered the Ecumenical Temple
 11470 | Temple   | Became a worshipper of Cheibriados the Contemplative
 12977 | D:7      | Reached * piety under Cheibriados
 13547 | D:8      | Found a shattered altar of Ashenzari.
 13637 | D:8      | Reached XP level 10. HP: 42/84 MP: 16/16
 13849 | D:8      | Found an opulent altar of Gozag.
 14341 | D:9      | Noticed Erica
 14364 | D:9      | Killed Erica
 14516 | D:9      | Reached ** piety under Cheibriados
 14824 | D:9      | Found Ahuolam's Antique Armour Shoppe.
 15163 | D:9      | Reached *** piety under Cheibriados
 15428 | D:9      | Bought a pair of boots for 121 gold pieces
 15428 | D:9      | Bought a dyed leather armour for 54 gold pieces
 15512 | D:10     | Entered Level 10 of the Dungeon
 15727 | D:10     | Reached skill level 5 in Spellcasting
 16265 | D:10     | Found Hebum's Book Shop.
 17320 | D:10     | Upgraded the game from 0.19-a0-1493-gd0fcaa6 to 0.19-a0-1498-g0b85ae9
 17408 | D:11     | Reached skill level 5 in Armour
 17487 | D:11     | Reached **** piety under Cheibriados
 17533 | D:11     | Found a staircase to the Lair.
 17597 | D:11     | Reached XP level 11. HP: 38/94 MP: 18/18
 17866 | D:11     | Noticed a hill giant
 17873 | D:11     | Killed a hill giant
 18178 | D:11     | Noticed Harold
 18195 | D:11     | Killed Harold
 19647 | D:12     | Reached ***** piety under Cheibriados
 19655 | D:12     | Noticed a hill giant
 19662 | D:12     | Killed a hill giant
 20182 | D:12     | Noticed a five-headed hydra
 20470 | D:12     | Noticed a hill giant
 20480 | D:12     | Killed a hill giant
 20518 | D:12     | Found a staircase to the Orcish Mines.
 20520 | D:12     | Noticed a deep elf mage
 20525 | D:12     | Killed a deep elf mage
 20525 | D:12     | Reached XP level 12. HP: 101/104 MP: 21/21
 20628 | D:12     | Killed a one-headed hydra
 20960 | D:12     | Got a sheer robe
 21033 | D:12     | Found Jula's Book Shoppe.
 21701 | D:13     | Noticed a centaur warrior
 21720 | D:13     | Killed a centaur warrior
 22251 | D:13     | Noticed a centaur warrior
 22257 | D:13     | Killed a centaur warrior
 22443 | D:13     | Identified the +1 robe of True Grit {rN+ Str+4} (You took it off an orc on level 12 of the Dungeon)
 22537 | D:13     | Reached ****** piety under Cheibriados
 22829 | D:14     | Noticed a vault guard
 22829 | D:14     | Noticed a vault guard
 22829 | D:14     | Noticed a vault guard
 22830 | D:14     | Noticed a vault guard
 22830 | D:14     | Noticed a vault guard
 22865 | D:13     | Killed a vault guard
 22930 | D:14     | Killed a vault guard
 23503 | D:13     | Killed a vault guard
 23814 | Lair:1   | Entered Level 1 of the Lair of Beasts
 23837 | Lair:1   | Reached skill level 10 in Fighting
 23896 | Lair:1   | Found a frozen archway.
 23902 | IceCv    | Entered an ice cave
 24559 | IceCv    | Gained mutation: You have razor-sharp toenails. [demonic ancestry]
 24559 | IceCv    | Reached XP level 13. HP: 113/113 MP: 20/22
 24668 | IceCv    | Got a twisted fire dragon armour
 24771 | IceCv    | Learned a level 6 spell: Statue Form
 24776 | IceCv    | Learned a level 4 spell: Passage of Golubria
 25476 | Lair:1   | Reached skill level 10 in Translocations
 25515 | Lair:1   | Reached skill level 1 in Earth Magic
 25782 | Lair:2   | Reached skill level 1 in Transmutations
 25900 | Lair:2   | Found a staircase to the Snake Pit.
 26580 | Lair:3   | Noticed Sonja
 26603 | Lair:3   | Cast into level 1 of the Abyss (Sonja)
 26669 | Abyss:1  | Noticed a tentacled starspawn
 26676 | Abyss:1  | Killed a tentacled starspawn
 26874 | Abyss:1  | Noticed a lich
 26891 | Abyss:1  | Killed a lich
 26891 | Abyss:1  | Reached skill level 10 in Long Blades
 26932 | Abyss:1  | Noticed a lich
 26950 | Abyss:1  | Noticed a tentacled monstrosity
 26953 | Abyss:1  | Noticed a green death
 26955 | Abyss:1  | Noticed a reaper
 26958 | Abyss:1  | Killed a lich
 26958 | Abyss:1  | Reached skill level 10 in Dodging
 26966 | Abyss:1  | HP: 8/171 [tentacled monstrosity (2)]
 26968 | Abyss:1  | Killed from afar by a smoke demon

Vault maps used:
D:1:      dpeg_arrival_snail
D:3:      minmay_joined_circles
D:4:      minmay_ruptured
D:5:      old_standard_altar, first_bread
D:7:      serial_park_tiny_2, uniq_duvessa, uniq_prince_ribbit1
D:8:      cheibrodos_ashenzari_chains, nicolae_overflow_crystal_walls
D:9:      hangedman_pestilent_swarm, kennysheep_windowed_goal, uniq_erica
D:10:     serial_shops, nicolae_shop_trees
D:11:     erik_lair_orcish_takeover, uniq_harold
D:12:     erik_orc_4, serial_shops, shop
D:14:     minmay_box_of_statues, erik_vaults_2, basic_altar, lemuel_round_altar
Temple:   dpeg_five_rooms_temple
Lair:1:   serial_bayou, serial_bayou_shore_a, serial_bayou_shore_b,
          serial_bayou_pond_a, serial_bayou_crossing,
          portal_ice_cave_entry_pillars_1, lemuel_fruit_fields
Lair:2:   minmay_snake_entry_guardpost_small
Lair:3:   swamp_mist, small_statue_intersection, uniq_sonja
IceCv:    ice_cave_tombish

Skill      XL: |  1  2  3  4  5  6  7  8  9 10 11 12 13 |
---------------+----------------------------------------+-----
Armour         | 1 2 3 4 5 6 |  6.8
Long Blades    | 2 3 4 5 6 8 9 10 | 10.1
Dodging        | 2 3 5 6 7 8 9 10 | 10.0
Translocations | 3 4 5 6 7 8 9 10 | 10.2
Fighting       | 3 4 5 6 7 9 10 | 10.7
Spellcasting   | 3 4 5 6 7 |  7.8
Earth Magic    | 2 |  2.5
Transmutations | 3 |  3.4
Throwing       | |  0.8

Action                   |  1- 3 |  4- 6 |  7- 9 | 10-12 | 13-15 || total
-------------------------+-------+-------+-------+-------+-------++-------
Melee: Falchion          |   167 |   366 |  1152 |   100 |       ||  1785
       Kick              |       |    89 |   310 |    94 |       ||   493
       Scimitar          |       |       |       |  1119 |    12 ||  1131
       Great sword       |       |       |       |       |   313 ||   313
Throw: Tomahawk          |     1 |       |       |       |       ||     1
 Cast: Shroud of Golubri |       |     9 |    23 |    28 |     8 ||    68
       Teleport Other    |       |       |    13 |     9 |       ||    22
       Blink             |       |       |       |     2 |       ||     2
       Passage of Golubr |       |       |       |       |     1 ||     1
Invok: Bend Time         |       |       |     1 |     3 |       ||     4
       Slouch            |       |       |       |       |     2 ||     2
 Abil: Evoke Berserk Rag |       |       |     1 |       |       ||     1
  Use: Scroll            |       |     5 |     2 |    13 |     4 ||    24
       Potion            |       |     1 |    21 |     6 |     2 ||    30
 Stab: Distracted        |       |       |     2 |    10 |     5 ||    17
       Invisible         |       |       |     1 |       |       ||     1
       Sleeping          |       |       |       |     6 |     4 ||    10
  Eat: Chunk             |     1 |    10 |     8 |     8 |       ||    27
       Fruit             |     1 |       |       |     8 |     1 ||    10
       Beef jerky        |       |     1 |       |     1 |       ||     2
       Bread ration      |       |       |     4 |       |       ||     4
       Royal jelly       |       |       |     1 |     3 |     4 ||     8
       Meat ration       |       |       |     2 |       |       ||     2
Armor: Leather armour    |    37 |   100 |   344 |   178 |       ||   659
       Skin              |       |       |     1 |       |       ||     1
       Mottled dragon ar |       |       |       |       |    85 ||    85
Dodge: Dodged            |   112 |   190 |   751 |   928 |   302 ||  2283
